Match 46485430
Unlisted

Match 46485430
End
Selects Australian Defense Battlegroup
Selects Australian Light Infantry Section
Australian Light Infantry Section
Australian Light Infantry Section
Australian Light Infantry Section
Construct Section Command Post
Selects 2-pounder Anti-tank Gun Team
Construct Platoon Command Post
CMP 15cwt Truck
2-pounder Anti-tank Gun Team
Selects CMP 15cwt Supply Run
Light Vehicle Training
Unlock Bishop Self-propelled Artillery
6-pounder Anti-tank Gun Team
Bishop Self-propelled Artillery
☭El Presidente alias Gennandi☭
_Bunu™
Stormless
Grunka Lunka
0
0

Comments sign in to comment!

No comments posted yet!